 Dungeon Crawl Stone Soup version 0.31.0-1-g2c135a0 (webtiles) character file.

Game seed: 7146133720591660800

112 jagoly the Trooper (level 4, -2/29 HPs)
             Began as a Gargoyle Monk on Jan 26, 2024.
             Slain by an ogre
             ... wielding a +0 giant spiked club
              (21 damage)
             ... on level 4 of the Dungeon.
             The game lasted 00:10:50 (1053 turns).

jagoly the Trooper (Gargoyle Monk)                  Turns: 1053, Time: 00:10:50

Health: -2/29      AC:  7    Str: 17    XL:     4   Next: 95%
Magic:  4/4        EV: 11    Int: 10    God:
Gold:   126        SH:  4    Dex: 12    Spells: 3/3 levels left

rFire   . . .        g - +2 rapier (venom)
rCold   . . .        i - +0 buckler
rNeg    + . .        f - +0 leather armour
rPois   ∞            (no helmet)
rElec   +            (no cloak)
rCorr   .            (no gloves)
SInv    .            (no boots)
Will    .....        (no amulet)
Stlth   ++           (no ring)
HPRegen 0.24/turn    (no ring)
MPRegen 0.09/turn

%: no passive effects
@: no status effects
A: sickness immunity, AC +3, negative energy resistance 1, electricity
resistance, torment resistance 1, petrification resistance
a: no special abilities


You were on level 4 of the Dungeon.
You visited 1 branch of the dungeon, and saw 4 of its levels.

You collected 126 gold pieces.

Inventory:

Hand Weapons
 a - a +0 hand axe
 g - a +2 rapier of venom (weapon)
 l - a +0 sling
Missiles
 h - 19 stones (quivered)
 r - 3 poisoned darts
Armour
 b - a +0 robe
 d - an orb of light
 f - a +0 leather armour (worn)
 i - a +0 buckler (worn)
 p - a +0 chain mail
Jewellery
 m - a ring of magical power
Scrolls
 e - 2 scrolls of identify {unknown}
 o - a scroll of immolation {unknown}
 s - a scroll of amnesia {unknown}
 t - a scroll of vulnerability {unknown}
Potions
 c - a potion of ambrosia
 j - a potion of heal wounds {unknown}
 k - 2 potions of magic {unknown}
 n - a potion of curing {unknown}
 q - 2 potions of invisibility {unknown}


   Skills:
 + Level 4.0 Fighting
 * Level 2.7 Axes
 + Level 3.0 Armour
 + Level 2.4 Dodging
 - Level 2.0 Stealth
 + Level 1.8 Shields


You had 3 spell levels left.
You didn't know any spells.
Your spell library was empty.

Dungeon Overview and Level Annotations

Branches:
Dungeon (4/15) Zot: 22930
 Temple: D:4-7

Altars:

Shops:
D:3 :

Annotations:
D:3 3 runed translucent doors, Zagger's ghost, amateur DsFi
D:4 Pikel


Innate Abilities, Weirdness & Mutations

You are immune to sickness and miasma.
Your stone body is resilient. (AC +3)
You are immune to poison.
You resist negative energy. (rN+)
You are resistant to electric shocks. (rElec)
You are resistant to unholy torment.
You are immune to petrification.


Message History

Found 20 gold pieces.
There is a stone staircase leading up here.
You now have 26 gold pieces (gained 10).
You now have 36 gold pieces (gained 10).
Found a lumpy golden potion.
Found a stone staircase leading down.
j - a lumpy golden potion
Found a stone staircase leading up.
There is a stone staircase leading up here.
Your library has no spells.
You climb upwards.
The hobgoblin shouts!
There is a stone staircase leading down here.
You completely miss the hobgoblin. The hobgoblin hits you.
The hobgoblin barely misses you.
You hit the hobgoblin but do no damage.
The hobgoblin hits you but does no damage.
You barely miss the hobgoblin. The hobgoblin hits you.
A kobold comes into view. It is wielding a +0 short sword.
The kobold shouts!
You hit the hobgoblin.
The hobgoblin is poisoned.
The hobgoblin is almost dead.
The hobgoblin hits you but does no damage.
You hit the hobgoblin.
You kill the hobgoblin!
Your Stealth skill increases to level 1!
You have reached level 2!
You closely miss the kobold. The kobold barely misses you. x2
You hit the kobold but do no damage.
The kobold is poisoned.
The kobold closely misses you.
You hit the kobold.
You kill the kobold!
There is a stone staircase leading down here.
Found 11 gold pieces and a hand axe.
A hobgoblin comes into view.
The hobgoblin shouts!
The hobgoblin closely misses you.
You hit the hobgoblin but do no damage.
The hobgoblin hits you but does no damage.
You barely miss the hobgoblin. The hobgoblin hits you.
You puncture the hobgoblin!
You kill the hobgoblin!
No target in view!
You now have 47 gold pieces (gained 11).
HP restored.
There is a stone staircase leading down here.
You climb downwards.
There is a stone staircase leading up here.
Found a scroll labelled DUOSAD LESOU.
e - 2 scrolls labelled DUOSAD LESOU (gained 1)
k - a coppery potion
Found a sling.
Found a stone staircase leading up.
You see here a +0 sling.
l - a +0 sling
There is a stone staircase leading up here.
You climb upwards.
There is a stone staircase leading down here.
You climb downwards.
There is a stone staircase leading up here.
Found a twisted moonstone ring.
m - a ring of magical power
There is a stone staircase leading down here.
You climb downwards.
There is a stone staircase leading up here.
Found a stone staircase leading down.
There is a stone staircase leading down here.
You climb downwards.
Found a puce potion.
There is a stone staircase leading up here.
n - a puce potion
Found a scroll labelled NUITOVISESY.
Found a stone staircase leading down.
o - a scroll labelled NUITOVISESY You open the door.
There is an open door here.
You open the door.
There is an open door here.
There is a stone staircase leading up here.
You swing at nothing.
You open the door.
An adder comes into view.
There is an open door here.
The adder hisses angrily.
There is a stone staircase leading up here.
You completely miss the adder. The adder bites you. x2
You hit the adder.
The adder is poisoned.
The adder is moderately wounded.
The adder barely misses you.
You hit the adder but do no damage.
The adder looks as sick as possible!
The adder is heavily wounded.
The adder bites you but does no damage. The adder closely misses you.
You closely miss the adder.
The adder is severely wounded.
The adder closely misses you.
You hit the adder.
The adder looks as sick as possible!
The adder is almost dead.
You kill the adder!
Your Armour skill increases to level 1!
No target in view!
You climb upwards.
There is a stone staircase leading down here.
Found a chain mail.
HP restored.
You see here a +0 chain mail.
p - a +0 chain mail An adder comes into view.
The adder hisses angrily.
A goblin comes into view. It is wielding a +0 club.
The goblin shouts!
A ball python comes into view.
The adder bites you.
You hit the adder.
The adder is poisoned.
The adder is severely wounded.
The adder completely misses you. The adder barely misses you.
You puncture the adder!
You kill the adder!
You have reached level 3!
Your experience leads to an increase in your attributes!
Increase (S)trength, (I)ntelligence, or (D)exterity?
You feel stronger. x2
You barely miss the goblin. The goblin hits you but does no damage.
The goblin hits you with a +0 club.
You closely miss the goblin. The goblin closely misses you.
You barely miss the goblin. The goblin closely misses you.
You barely miss the goblin. The goblin hits you with a +0 club.
You completely miss the goblin. The goblin hits you but does no damage.
You hit the goblin.
The goblin is poisoned.
The goblin is moderately wounded.
The goblin hits you but does no damage. x2
You hit the goblin.
You kill the goblin!
The ball python bites you but does no damage.
The ball python grabs you. The ball python constricts you.
You hit the ball python.
You kill the ball python!
No target in view!
No target in view!
Items here: ) †††.
q - a +0 club You drop a +0 club.
Found a runed translucent gate.
Found a scroll labelled HULODEXOICS and 10 gold pieces.
Zagger's ghost turns its malevolent gaze towards you.
Press: ? - help, v - describe, . - travel, g - get item
Here: Zagger's ghost (fire blocked by a runed translucent door) Item here: 10 gold pieces.
The floor.
Unknown command.
You are illuminated by a small divine halo.
You are glowing.
Your movement speed is average.
Your attack delay is about 1.2.
Your damage rating with your +2 rapier of venom is about 9 (Base 7 x 105% (Dex) x 106% (Skill) + 2 (Ench)).
Unknown command.
Found 12 gold pieces.
A frilled lizard comes into view. x2
You see here 12 gold pieces.
The frilled lizard hisses angrily.
The frilled lizard hisses angrily.
You see here 12 gold pieces.
You now have 59 gold pieces (gained 12).
The frilled lizard barely misses you.
You closely miss the frilled lizard. The frilled lizard closely misses you.
You closely miss the frilled lizard. The frilled lizard misses you.
The frilled lizard closely misses you.
You closely miss the frilled lizard. The frilled lizard barely misses you.
The frilled lizard misses you. The frilled lizard barely misses you.
The frilled lizard bites you but does no damage.
You puncture the frilled lizard!
You kill the frilled lizard!
The frilled lizard bites you but does no damage.
You hit the frilled lizard.
You kill the frilled lizard!
No target in view!
Found a coppery potion.
Found 6 gold pieces.
A frilled lizard comes into view.
The frilled lizard bites you but does no damage.
You hit the frilled lizard.
You kill the frilled lizard!
k - 2 coppery potions (gained 1)
Found 16 gold pieces.
Found 2 inky potions.
Found a stone staircase leading down.
You now have 65 gold pieces (gained 6).
An adder comes into view.
The adder hisses angrily.
You see here 16 gold pieces.
You puncture the adder!
The adder is poisoned.
The adder is severely wounded.
The adder closely misses you. The adder barely misses you.
You hit the adder.
You kill the adder!
You now have 81 gold pieces (gained 16).
There are no items here.
q - 2 inky potions
There is a stone staircase leading down here.
You climb downwards.
The ogre shouts!
There is a stone staircase leading up here.
Press: ? - help, v - describe, . - travel
Here: an ogre, wielding a +0 giant spiked club (haloed)
The floor.
Okay, then.
Press: ? - help, v - describe, . - travel
Here: an ogre, wielding a +0 giant spiked club (haloed)
The floor.
You climb upwards.
Level annotation: 3 runed translucent doors, Zagger's ghost, amateur DsFi
There is a stone staircase leading down here.
You open the door.
Found Luf Loopt's Book Emporium.
There is an open door here.
Found a stone staircase leading up.
There is an entrance to Luf Loopt's Book Emporium here.
You open the door.
Found 3 poisoned darts.
There is an open door here.
You see here 3 poisoned darts.
r - 3 poisoned darts
There is an open door here.
There is a stone staircase leading up here.
You climb upwards.
There is a stone staircase leading down here.
You climb downwards.
Level annotation: 3 runed translucent doors, Zagger's ghost, amateur DsFi
There is a stone staircase leading up here.
Found a robe.
You open the door.
Found a stone.
There is an open door here.
A phantom comes into view.
You see here a stone.
h - 6 stones (gained 1)
There is an open door here.
Press: ? - help, v - describe, . - travel
Here: a phantom The floor.
Your +2 rapier of venom stops dripping with poison.
l - a +0 sling (weapon)
Fire: l) +0 sling
Press: ? - help, Q - select action, (/) - cycle Shift-Dir - straight line, f - phantom
Aim: a phantom (41% to hit)
You shoot a sling bullet.
The sling bullet barely misses the phantom.
Unknown command.
Press: ? - help, v - describe, . - travel
Here: a phantom (haloed)
The floor.
Fire: l) +0 sling
Press: ? - help, Q - select action, (/) - cycle Shift-Dir - straight line, f/p - phantom
Aim: a phantom (haloed, 62% to hit)
You shoot a sling bullet.
The sling bullet completely misses the phantom.
Fire: l) +0 sling
Press: ? - help, Q - select action, (/) - cycle Shift-Dir - straight line, f/p - phantom
Aim: a phantom (haloed, 62% to hit)
You shoot a sling bullet. The sling bullet hits the phantom.
The phantom is moderately damaged.
The phantom barely misses you.
a - a +0 hand axe (weapon)
You hit the phantom but do no damage.
The phantom is moderately damaged.
The phantom hits you but does no damage.
You hit the phantom but do no damage.
The phantom is moderately damaged.
The phantom barely misses you.
You barely miss the phantom.
The phantom is moderately damaged.
The phantom barely misses you. The phantom completely misses you.
You hit the phantom but do no damage.
The phantom is moderately damaged.
The phantom hits you.
The phantom blinks!
You blink.
You hit the phantom.
The phantom is moderately damaged.
The phantom hits you.
The phantom blinks!
You blink.
You barely miss the phantom.
The phantom is moderately damaged.
The phantom barely misses you.
You hit the phantom.
The phantom is heavily damaged.
The phantom hits you but does no damage.
You slash the phantom!
The phantom is almost destroyed.
The phantom hits you.
The phantom blinks!
You blink.
You hit the phantom.
The phantom is almost destroyed.
The phantom hits you.
The phantom blinks!
You blink.
You barely miss the phantom.
The phantom is almost destroyed.
The phantom misses you.
You closely miss the phantom.
The phantom is almost destroyed.
The phantom barely misses you.
The phantom hits you but does no damage.
You hit the phantom.
You destroy the phantom!
Training target 4.0 for Fighting reached!
Training target 2.0 for Stealth reached!
Training target 2.0 for Armour reached!
Your Fighting skill increases to level 4!
Your Armour skill increases to level 2!
Your Stealth skill increases to level 2!
You need to enable at least one skill for training.
Training target 3.0 for Armour reached!
Your Armour skill increases to level 3!
You need to enable at least one skill for training.
Your Shields skill increases to level 1!
You have reached level 4!
You feel stronger.
You are illuminated by a small divine halo.
You are glowing.
Your movement speed is average.
Your attack delay is about 1.1.
Your damage rating with your +0 hand axe is about 9 (Base 7 x 117% (Str) x 112% (Skill)).
Okay, then.
Found 9 gold pieces.
Found 11 gold pieces.
You now have 92 gold pieces (gained 11).
You now have 101 gold pieces (gained 9).
You open the door.
There is an open door here.
Found 16 gold pieces.
Found a stone staircase leading up.
HP restored.
There is a stone staircase leading up here.
You climb upwards.
Found 7 stones.
There is a stone staircase leading down here.
Found a whip.
h - 13 stones (gained 7)
There is a stone staircase leading down here.
You climb downwards.
Level annotation: 3 runed translucent doors, Zagger's ghost, amateur DsFi
There is a stone staircase leading up here.
You now have 117 gold pieces (gained 16).
There is a stone staircase leading up here.
Found a scroll labelled CIOKUU RIERCHU.
s - a scroll labelled CIOKUU RIERCHU You open the door.
Found a faded altar of an unknown god.
There is an open door here.
There is a faded altar of an unknown god here.
This altar belongs to (a) Elyvilon, (b) Nemelex Xobeh or (c) Ru, but you can't tell which.
Press the corresponding letter to learn more about a god, or press enter to convert or escape to cancel.
Okay, then.
There is a faded altar of an unknown god here.
There is an open door here.
A wight comes into view. It is wielding a +0 scimitar.
The wight moves out of view. 2 wights come into view.
A wight is wielding a +3 short sword of freezing.
Press: ? - help, v - describe, . - travel
Here: a wight, wielding a +0 scimitar and wearing a +0 robe (haloed)
The floor.
Unknown command.
Press: ? - help, v - describe, . - travel
Here: a wight, wielding a +0 scimitar and wearing a +0 robe (haloed)
The floor.
There is a stone staircase leading up here.
You climb upwards.
There is a stone staircase leading down here.
Found 2 stones.
h - 15 stones (gained 2)
You open the door.
There is an open door here.
You open the door.
There is an open door here.
You open the door.
There is an open door here.
You open the door.
There is an open door here.
You open the door.
A quokka comes into view.
Found 9 gold pieces.
The quokka bites you but does no damage.
There is an open door here.
You slash the quokka!
You kill the quokka!
No target in view!
You now have 126 gold pieces (gained 9).
You open the door.
There is an open door here.
You open the door.
There is an open door here.
A bat comes into view.
Found a scroll labelled BUSTREW SUR.
The bat moves out of view.
A kobold comes into view. It is wielding a +0 dagger.
The kobold shouts!
The bat barely misses you.
You hit the bat.
The bat is heavily wounded.
The bat misses you.
The kobold throws a stone.
The stone closely misses you. The bat barely misses you.
The kobold throws a stone.
The stone hits you. The bat closely misses you.
The kobold throws a stone.
The stone misses you.
You hit the bat but do no damage.
The bat is moderately wounded.
The bat hits you but does no damage. x2; The bat closely misses you.
You barely miss the bat.
The bat is moderately wounded.
The bat barely misses you.
You barely miss the bat.
The bat is moderately wounded.
The bat misses you. The bat hits you but does no damage.
The kobold throws a stone.
The stone hits you but does no damage. The bat hits you but does no damage.
The bat misses you.
You hit the bat.
The bat is severely wounded.
The bat hits you but does no damage. The bat closely misses you.
The kobold throws a stone.
The stone barely misses you.
You barely miss the bat.
The bat is severely wounded.
The bat hits you but does no damage. x2; The kobold throws a stone.
The stone barely misses you.
You barely miss the bat.
The bat is severely wounded.
The bat hits you but does no damage.
You hit the kobold but do no damage. The bat hits you but does no damage.
The kobold closely misses you.
You hit the kobold but do no damage. The bat barely misses you.
The kobold hits you but does no damage.
You barely miss the kobold. The bat closely misses you.
The kobold barely misses you.
You closely miss the kobold. The kobold hits you but does no damage.
You hit the bat.
You kill the bat!
You hit the kobold. The kobold closely misses you.
The kobold hits you but does no damage.
You hit the kobold.
You kill the kobold!
No target in view!
h - 19 stones (gained 4)
You see here a +0 dagger.
t - a scroll labelled BUSTREW SUR
There is a stone staircase leading down here.
Unknown command.
You climb downwards.
Level annotation: 3 runed translucent doors, Zagger's ghost, amateur DsFi
There is a stone staircase leading up here.
A kobold comes into view. It is wielding a +0 short sword.
The kobold shouts!
The kobold hits you but does no damage.
You barely miss the kobold. The kobold barely misses you.
You hit the kobold.
The kobold is severely wounded.
The kobold hits you but does no damage.
You barely miss the kobold.
The kobold is severely wounded.
The kobold closely misses you.
You hit the kobold.
You kill the kobold!
You are now empty-handed.
Your +2 rapier of venom begins to drip with poison!
g - a +2 rapier of venom (weapon)
You open the door.
There is an open door here.
You are illuminated by a small divine halo.
You are glowing.
Your movement speed is average.
Your attack delay is about 1.2.
Your damage rating with your +2 rapier of venom is about 9 (Base 7 x 105% (Dex) x 106% (Skill) + 2 (Ench)).
Unknown command.
Unknown command.
Okay, then.
You start removing your armour.
You continue taking off your orb of light. x4
You finish taking off your orb of light.
You start putting on your armour.
You continue putting on your +0 buckler. x5
You finish putting on your +0 buckler.
Your movement speed is average.
Your attack delay is about 1.2.
Your damage rating with your +2 rapier of venom is about 9 (Base 7 x 105% (Dex) x 106% (Skill) + 2 (Ench)).
Unknown command.
Found a stone staircase leading down.
There is a stone staircase leading down here.
You climb downwards.
Pikel shouts!
The lemure shouts! x2
There is a stone staircase leading up here.
You climb upwards.
Level annotation: 3 runed translucent doors, Zagger's ghost, amateur DsFi
There is a stone staircase leading down here.
There is an open door here.
There is an open door here.
There is a stone staircase leading up here.
There is an open door here.
There is a stone staircase leading down here.
You climb downwards.
Level annotation: Pikel The ogre shouts!
The ogre hits you with a +0 giant spiked club!
There is a stone staircase leading up here.
Hit: g) +2 rapier (venom)
Press: ? - help, Dir - move target, f - ogre
Aim: an ogre, wielding a +0 giant spiked club (about 23% to evade your +2 rapier of venom)
You hit the ogre but do no damage. You block the ogre's attack.
Hit: g) +2 rapier (venom)
Press: ? - help, Dir - move target, f/p - ogre
Aim: an ogre, wielding a +0 giant spiked club (about 23% to evade your +2 rapier of venom)
You puncture the ogre!
The ogre is poisoned.
The ogre is moderately wounded.
The ogre hits you with a +0 giant spiked club!!
Ouch! That really hurt!
You die...

#.....#####.#
###.#
####<†##.##.##...#
#............8.#
#..............#
#.............#.#
##'##..########
#......#..###...#
#......+...#....#
#......#...#@O..+
#......#...#....#
#......##########
########


You could see an ogre (very poisoned).

Vanquished Creatures
  A phantom (D:3)
  3 adders
  2 ball pythons
  An endoplasm (D:1)
  2 hobgoblins (D:1)
  A quokka (D:2)
  2 bats
  3 frilled lizards (D:3)
  2 goblins
  5 kobolds
22 creatures vanquished.

Notes
Turn   | Place    | Note
-------+----------+-------------------------------------------
     0 | D:1      | jagoly the Gargoyle Monk began the quest for the Orb.
     0 | D:1      | Reached XP level 1. HP: 14/14 MP: 1/1
   292 | D:1      | Reached skill level 1 in Stealth
   292 | D:1      | Reached XP level 2. HP: 17/19 MP: 2/2
   446 | D:4      | Reached skill level 1 in Armour
   470 | D:3      | Reached XP level 3. HP: 21/24 MP: 3/3
   488 | D:3      | Found a runed translucent gate.
   489 | D:3      | Found a runed translucent gate.
   489 | D:3      | Found a runed translucent gate.
   493 | D:3      | Noticed Zagger's ghost (amateur DsFi)
   546 | D:4      | Noticed an ogre
   563 | D:3      | Found Luf Loopt's Book Emporium.
   593 | D:3      | Noticed a phantom
   613 | D:3      | Killed a phantom
   614 | D:3      | Reached skill level 4 in Fighting
   614 | D:3      | Reached skill level 1 in Shields
   614 | D:3      | Reached XP level 4. HP: 19/29 MP: 4/4
   695 | D:3      | Found a faded altar of an unknown god.
   945 | D:4      | Noticed Pikel
   945 | D:4      | Noticed a lemure
   945 | D:4      | Noticed a lemure
   945 | D:4      | Noticed a lemure
   945 | D:4      | Noticed a lemure
  1053 | D:4      | Slain by an ogre

Illustrated notes

Levels and vault maps discovered:
D:1:      minmay_arrival_four_loops, layout_loops_ring,
          minmay_misc_feat_pillars, minmay_cupped
D:2:      layout_loops_ring, minmay_misc_feat_hallway, minmay_door_square
D:3:      layout_basic, elyvilon_altar_1, shapermc_ecumenical_altar_mp_vishouse,
          gammafunk_ghost_necromancy, serial_shops, nicolae_shop_stone,
          uniq_jessica
D:4:      layout_gridville, grunt_temple_overflow_forces_of_nature,
          mainiacjoe_overflow_24_doors, nicolae_twisty_statue_hallways,
          uniq_pikel, uniq_crazy_yiuf_cottage

Skill      XL: |  1  2  3 |
---------------+----------+-----
Stealth        | 1 2 |  2.0
Armour         | 1 3 |  3.0
Fighting       | 4 |  4.0
Shields        | 1 |  1.8
Axes           | |  2.7
Dodging        | |  2.4

Action                     |  1- 3 |  4- 6 || total
---------------------------+-------+-------++-------
  Melee: Rapier            |    40 |     2 ||    42
         Hand axe          |    14 |    18 ||    32
   Fire: Sling             |     3 |       ||     3
 Armour: Leather armour    |    30 |    19 ||    49
  Dodge: Dodged            |    37 |    20 ||    57
  Block: Buckler           |       |     1 ||     1
